 Dungeon Crawl Stone Soup version 0.22-a0-412-g2b68d14 (webtiles) character file.

108 galech the Skirmisher (level 4, -1/41 HPs)
             Began as a Gnoll Wanderer on May 12, 2018.
             Slain by an orc priest (3 damage)
             ... on level 3 of the Dungeon.
             The game lasted 00:04:20 (2266 turns).

galech the Skirmisher (Gnoll Wanderer)              Turns: 2266, Time: 00:04:21

Health: -1/41      AC:  7    Str: 15    XL:     4   Next: 87%
Magic:  15/15      EV: 11    Int: 13    God:
Gold:   116        SH:  0    Dex: 16    Spells: 5/5 levels left

rFire    . . .     SeeInvis .   m - +0 spear
rCold    . . .     Gourm    .   (no shield)
rNeg     . . .     Faith    .   b - +0 ring mail
rPois    .         Spirit   .   e - +0 helmet
rElec    .         Reflect  .   (no cloak)
rCorr    .         Harm     .   (no gloves)
MR       .....                  (no boots)
Stlth    ++........             (no amulet)
HPRegen  0.13/turn              j - ring of magical power
MPRegen  0.14/turn              l - ring of stealth

@: no status effects
A: distributed training, fangs 1, strong nose
a: no special abilities


You were on level 3 of the Dungeon.
You were not hungry.

You visited 1 branch of the dungeon, and saw 3 of its levels.

You collected 116 gold pieces.

Inventory:

Hand Weapons
 c - a +0 shortbow
 m - a +0 spear (weapon)
Missiles
 d - 21 arrows
 r - 25 bolts
Armour
 b - a +0 ring mail (worn)
 e - a +0 helmet (worn)
Jewellery
 j - a ring of magical power (left hand)
 l - a ring of stealth (right hand)
Scrolls
 g - a scroll of immolation {unknown}
 i - a scroll of blinking {unknown}
 k - 4 scrolls of identify {unknown}
 n - a scroll of enchant armour {unknown}
 o - a scroll of fear {unknown}
Potions
 h - 3 potions of curing {unknown}
 q - 2 potions of degeneration {unknown}
 s - a potion of berserk rage {unknown}
Miscellaneous
 a - a box of beasts
Comestibles
 f - 7 rations


   Skills:
 + Level 6.6 Fighting
 + Level 1.2 Short Blades
 + Level 1.2 Long Blades
 + Level 1.2 Axes
 + Level 1.2 Maces & Flails
 + Level 1.2 Polearms
 + Level 1.2 Staves
 + Level 1.2 Slings
 + Level 4.7 Bows
 + Level 2.8 Crossbows
 + Level 2.8 Throwing
 + Level 4.7 Armour
 + Level 1.2 Dodging
 + Level 1.2 Stealth
 + Level 1.2 Shields
 + Level 1.2 Unarmed Combat
 + Level 1.2 Spellcasting
 + Level 1.0 Conjurations
 + Level 1.0 Hexes
 + Level 1.0 Charms
 + Level 1.0 Summonings
 + Level 1.0 Necromancy
 + Level 1.0 Translocations
 + Level 1.0 Transmutations
 + Level 1.0 Fire Magic
 + Level 1.0 Ice Magic
 + Level 1.0 Air Magic
 + Level 1.0 Earth Magic
 + Level 1.0 Poison Magic
 + Level 1.3 Invocations
 + Level 2.8 Evocations


You had 5 spell levels left.
You didn't know any spells.
Your spell library was empty.

Dungeon Overview and Level Annotations

Branches:
Dungeon (3/15)

Altars:
Vehumet


Innate Abilities, Weirdness & Mutations

Your experience applies equally to all skills.
You have very sharp teeth.
Your uncanny sense of smell can sniff out nearby items.


Message History

You bite the orc priest.
The orc priest is heavily wounded.
The orc priest looks encouraged for a moment.
The orc priest hits you but does no damage.
You hit the orc priest.
The orc priest is severely wounded.
The orc priest hits you but does no damage.
You hit the orc priest but do no damage.
You bite the orc priest, but do no damage.
The orc priest is severely wounded.
The orc priest hits you.
* * * LOW HITPOINT WARNING * * *
The orc priest hits you but does no damage.
You hit the orc priest but do no damage.
The orc priest is severely wounded.
The orc priest calls down the wrath of Beogh upon you.
Pain shoots through your body!
* * * LOW HITPOINT WARNING * * *
The orc priest hits you.
You die...

################.#
..#.......(..(.@oo.#
##.#.##############.#
.#.#............
.#.#..#.........
.#.#..#.#######.
.#.#..#.#
.#.#..#.######
...........>...
##.#.######.###


You could see an orc priest and an orc.

Vanquished Creatures
  4 adders
  2 oozes
  2 dart slugs (D:1)
  4 leopard geckos
  An orc (D:3)
  6 bats
  A giant cockroach (D:3)
  4 goblins
  4 hobgoblins
  2 jackals (D:2)
  2 quokkas (D:2)
  3 frilled lizards
  11 kobolds
  8 rats
54 creatures vanquished.

Notes
Turn   | Place    | Note
-------+----------+-------------------------------------------
     0 | D:1      | galech the Gnoll Wanderer began the quest for the Orb.
     0 | D:1      | galech set off with: a box of beasts, a +0 ring mail, a +0 shortbow, 26 arrows, a ration
     0 | D:1      | Reached XP level 1. HP: 23/23 MP: 2/2
   119 | D:1      | Reached XP level 2. HP: 29/29 MP: 3/3
   487 | D:1      | Reached XP level 3. HP: 35/35 MP: 4/4
  1089 | D:2      | Found a radiant altar of Vehumet.
  1227 | D:2      | Reached skill level 1 in Invocations
  1247 | D:2      | Reached skill level 1 in Short Blades
  1247 | D:2      | Reached skill level 1 in Long Blades
  1247 | D:2      | Reached skill level 1 in Axes
  1247 | D:2      | Reached skill level 1 in Maces & Flails
  1247 | D:2      | Reached skill level 1 in Polearms
  1247 | D:2      | Reached skill level 1 in Staves
  1247 | D:2      | Reached skill level 1 in Slings
  1247 | D:2      | Reached skill level 1 in Dodging
  1247 | D:2      | Reached skill level 1 in Stealth
  1247 | D:2      | Reached skill level 1 in Shields
  1247 | D:2      | Reached skill level 1 in Unarmed Combat
  1247 | D:2      | Reached skill level 1 in Spellcasting
  1347 | D:2      | Reached XP level 4. HP: 41/41 MP: 6/6
  1969 | D:3      | Reached skill level 1 in Conjurations
  1969 | D:3      | Reached skill level 1 in Hexes
  1969 | D:3      | Reached skill level 1 in Charms
  1969 | D:3      | Reached skill level 1 in Summonings
  1969 | D:3      | Reached skill level 1 in Necromancy
  1969 | D:3      | Reached skill level 1 in Translocations
  1969 | D:3      | Reached skill level 1 in Transmutations
  1969 | D:3      | Reached skill level 1 in Fire Magic
  1969 | D:3      | Reached skill level 1 in Ice Magic
  1969 | D:3      | Reached skill level 1 in Air Magic
  1969 | D:3      | Reached skill level 1 in Earth Magic
  1969 | D:3      | Reached skill level 1 in Poison Magic
  2266 | D:3      | HP: 2/41 [orc priest/nerve-wracking pain (2)]
  2266 | D:3      | Slain by an orc priest

Vault maps used:
D:1:      minmay_arrival_solitary_statue, minmay_strange_pillars,
          hangedman_abyss_or_decor_stabs, serial_bayou_pond_d
D:2:      lemuel_round_altar, first_ration
D:3:      cheibrodos_helix_gallery

Skill      XL: |  1  2  3  4 |
---------------+-------------+-----
Invocations    | 1 |  1.3
Short Blades   | 1 |  1.2
Long Blades    | 1 |  1.2
Axes           | 1 |  1.2
Maces & Flails | 1 |  1.2
Polearms       | 1 |  1.2
Staves         | 1 |  1.2
Slings         | 1 |  1.2
Dodging        | 1 |  1.2
Stealth        | 1 |  1.2
Shields        | 1 |  1.2
Unarmed Combat | 1 |  1.2
Spellcasting   | 1 |  1.2
Conjurations   | 1 |  1.0
Hexes          | 1 |  1.0
Charms         | 1 |  1.0
Summonings     | 1 |  1.0
Necromancy     | 1 |  1.0
Translocations | 1 |  1.0
Transmutations | 1 |  1.0
Fire Magic     | 1 |  1.0
Ice Magic      | 1 |  1.0
Air Magic      | 1 |  1.0
Earth Magic    | 1 |  1.0
Poison Magic   | 1 |  1.0
Fighting       | |  6.6
Bows           | |  4.7
Crossbows      | |  2.8
Throwing       | |  2.8
Armour         | |  4.7
Evocations     | |  2.8

Action                   |  1- 3 |  4- 6 || total
-------------------------+-------+-------++-------
Melee: Spear             |       |    92 ||    92
       Bite              |       |    13 ||    13
 Fire: Shortbow          |    84 |    26 ||   110
 Stab: Distracted        |       |     1 ||     1
  Eat: Chunk             |     1 |     3 ||     4
Armor: Ring mail         |     4 |    40 ||    44
Dodge: Dodged            |    20 |    63 ||    83

Table legend:
 A = Spawn XP
 B = Non-spawn XP
 C = Spawn XP percentage of total XP
 D = Spawn monster count
 E = Non-spawn monster count
 F = Spawn count percentage of total count
 G = Total turns spent on level
                    A         B        C        D         E        F      G
               +---------+---------+-------+---------+---------+-------+---------
         Total |       0 |     155 |   0.0 |       0 |      54 |   0.0 |  2266
               +---------+---------+-------+---------+---------+-------+---------
           D:1 |       0 |      41 |   0.0 |       0 |      19 |   0.0 |  1072
           D:2 |       0 |      48 |   0.0 |       0 |      16 |   0.0 |   615
           D:3 |       0 |      66 |   0.0 |       0 |      19 |   0.0 |   579
               +---------+---------+-------+---------+---------+-------+---------
